 Dungeon Crawl Stone Soup version 0.31.0-9-g3a7656b989 (webtiles) character file.

Game seed: 5443150381131414770

8740 EnegeticOcto the Carver (level 11, -3/102 HPs)
             Began as a Deep Elf Berserker on Feb 1, 2024.
             Was an Elder of Trog.
             Slain by Snorg (17 damage)
             ... on level 10 of the Dungeon.
             The game lasted 00:16:16 (11403 turns).

EnegeticOcto the Carver (Deep Elf Berserker)       Turns: 11403, Time: 00:16:16

Health: -3/102     AC: 15    Str: 14    XL:     11   Next: 13%
Magic:  13/13      EV: 15    Int: 13    God:    Trog [****..]
Gold:   145        SH:  0    Dex: 18    Spells: 10/10 levels left

rFire   . . .        O - +8 triple sword (venom)
rCold   . . .        (shield currently unavailable)
rNeg    . . .        m - +3 ring mail
rPois   .            h - +2 helmet {SInv}
rElec   .            N - +0 cloak
rCorr   .            g - +2 pair of gloves
SInv    +            (no boots)
Will    +++..        k - amulet of regeneration Stlth
                     (no ring)
HPRegen 2.17/turn    (no ring)
MPRegen 0.13/turn

%: no passive effects
@: berserking (expiring), strong-willed, regenerating, very quick
A: no striking features
a: Renounce Religion, Berserk, Trog's Hand, Brothers in Arms


You were on level 10 of the Dungeon.
You worshipped Trog.
Trog was greatly pleased with you.
You visited 1 branch of the dungeon, and saw 10 of its levels.
You also visited: Sewer and Bailey.

You collected 489 gold pieces.
You spent 344 gold pieces at shops.

Inventory:

Hand Weapons
 a - a +0 falchion
 r - a +0 long sword
   (You found it on level 4 of the Dungeon)
 x - a +2 great sword of freezing
   (You acquired it on level 7 of the Dungeon)
 y - a +1 dagger of venom
   (You took it off a kobold brigand on level 3 of the Dungeon)
 E - a +0 orcbow
   (You took it off a centaur on level 6 of the Dungeon)
 I - a +1 scimitar
   (You took it off a wight on level 6 of the Dungeon)
 O - a +8 triple sword of venom (weapon)
   (Trog gifted it to you on level 8 of the Dungeon)
Missiles
 q - 23 poisoned darts
 v - 2 throwing nets {!f}
Armour
 d - a +0 cloak
   (You found it on level 1 of the Dungeon)
 g - a +2 pair of gloves (worn)
   (You found it on level 2 of the Dungeon)
 h - a +2 helmet of see invisible (worn)
   (You bought it in a shop on level 5 of the Dungeon)
 m - a +3 ring mail (worn)
   (You took it off an orc warrior in a bailey)
 M - a +0 buckler
   (You found it on level 8 of the Dungeon)
 N - a +0 cloak (worn)
   (You found it on level 8 of the Dungeon)
Jewellery
 k - an amulet of regeneration (around neck)
   (You found it on level 7 of the Dungeon)
 p - a ring of ice
   (You found it on level 3 of the Dungeon)
Wands
 B - a wand of mindburst (21)
   (You found it on level 7 of the Dungeon)
 D - a wand of polymorph (6)
   (You took it off Ijyb on level 4 of the Dungeon)
Scrolls
 c - a scroll of revelation {@r5 !r}
 f - 2 scrolls of immolation
 l - 5 scrolls of teleportation {@r3 !r}
 o - a scroll of blinking {@r4}
 s - a scroll of fog {!r}
 t - a scroll of poison {!r}
 w - 3 scrolls of enchant weapon
 J - 2 scrolls of enchant armour
 K - 3 scrolls of fear {!r}
Potions
 b - a potion of mutation
 e - 2 potions of resistance
 i - 3 potions of curing {@q1 !q}
 j - a potion of lignification {@q6}
 n - 3 potions of might {@q3 !q}
 u - a potion of enlightenment {unknown}
 z - 2 potions of invisibility
 C - a potion of attraction
 F - a potion of heal wounds {@q2 !q}
 G - a potion of experience {unknown}
 H - a potion of magic {unknown}
 L - 2 potions of cancellation {unknown}


   Skills:
 + Level 8.0 Fighting
 * Level 12.1 Long Blades
 - Level 1.5 Armour
 + Level 8.0 Dodging
 - Level 4.0 Evocations


You had 10 spell levels left.
You didn't know any spells.
Your spell library was empty.

Dungeon Overview and Level Annotations

Branches:
Dungeon (10/15) Zot: 26782  Temple (0/1) D:5           Sewer (visited)
 Bailey (visited)
   Lair: D:8-11         Orc: D:9-12

Altars:
Ashenzari
Elyvilon
Fedhas
Gozag
Kikubaaqudgha
Nemelex Xobeh
Uskayaw
Wu Jian
Zin

Shops:
D:5 [   D:7 *

Annotations:
D:10 Snorg


Message History

The orc wizard is almost dead.
The orc wizard closely misses you. The orc hits you but does no damage. x2
The orc wizard closely misses you.
You completely miss the orc wizard.
The orc wizard is almost dead.
You kill the orc wizard!
Trog accepts your kill.
Trog appreciates your killing of a magic user.
The orc misses you.
You slice the orc!!
You kill the orc!
Trog accepts your kill.
You feel the effects of Trog's Hand fading.
The orc misses you. The orc hits you but does no damage.
You slice the orc!!
You kill the orc!
Trog accepts your kill.
No target in view!
No target in view!
No target in view!
No target in view!
No target in view!
No target in view!
No target in view!
No target in view!
You start waiting.
Your skin stops crawling.
You feel less strong-willed.
You start waiting.
You feel yourself speed up.
You start waiting.
You recover from your berserk rage.
Items here: )) [ †.
You now have 145 gold pieces (gained 11).
Found a stone staircase leading up.
There is a stone staircase leading up here.
Found a stone staircase leading down.
There is a stone staircase leading down here.
Snorg the Insatiable comes into view.
Snorg shouts!
A wight comes into view. It is wielding a +5 spear of freezing.
Throw: 2 darts (curare)
Press: ? - help, Q - select action, (/) - cycle Shift-Dir - straight line, f - Snorg
Aim: Snorg (63% to hit)
You throw a curare-tipped dart. The curare-tipped dart hits Snorg.
Snorg is poisoned.
Snorg struggles to breathe.
Snorg seems to slow down.
Snorg is lightly wounded.
Throw: dart (curare)
Press: ? - help, Q - select action, (/) - cycle Shift-Dir - straight line, f/p - Snorg
Aim: Snorg (lightly wounded, very poisoned, slow, 63% to hit)
You throw a curare-tipped dart. The curare-tipped dart hits Snorg.
Snorg looks as sick as possible!
Snorg struggles to breathe.
Snorg seems to be slow for longer.
Snorg is lightly wounded.
A wight comes into view. It is wielding a +0 flail.
A wight comes into view. It is wielding a +3 flail.
Your skin crawls.
You feel strong-willed.
A wight comes into view.
It is wielding a +4 short sword and wearing a +2 robe of fire resistance.
A red film seems to cover your vision as you go berserk!
You feel yourself moving faster!
You feel mighty! Trog will no longer gift you weapons.
Snorg shakes off her lethargy.
Snorg goes berserk!
You feel a strong urge to attack something.
Snorg barely misses you. Snorg claws you! x2
You slice Snorg!!
Snorg looks as sick as possible!
Snorg is moderately wounded.
Snorg bites you! Snorg completely misses you. Snorg misses you.
A wight comes into view. It is wielding a +0 battleaxe.
You are too injured to fight recklessly!
You are too injured to fight recklessly!
You are too injured to fight recklessly!
You are too injured to fight recklessly!
You are too injured to fight recklessly!
You are too injured to fight recklessly!
You are too injured to fight recklessly!
You are too injured to fight recklessly!
You are too injured to fight recklessly!
You are too injured to fight recklessly!
You closely miss Snorg.
Snorg is moderately wounded.
Snorg bites you! Snorg barely misses you. Snorg claws you!
You slice Snorg like a ripe choko!!!
Snorg looks as sick as possible!
Snorg is severely wounded.
Snorg bites you. Snorg claws you but does no damage. Snorg claws you.
You closely miss Snorg.
Snorg is severely wounded.
Snorg completely misses you. Snorg misses you.
Snorg claws you but does no damage.
You barely miss Snorg.
Snorg is severely wounded.
Snorg misses you. Snorg claws you! Snorg barely misses you.
Snorg closely misses you. Snorg claws you.
* * * LOW HITPOINT WARNING * * *
Snorg claws you!
* * * LOW HITPOINT WARNING * * *
You slice Snorg!!
Snorg looks as sick as possible!
Snorg is almost dead.
Snorg closely misses you. Snorg claws you!
You die... ## .### ....# ...# ... .#.## ... ..<.#### zzz

###....#### #z#
...###....# #z#
...# ####.##
#T# ...# #..###
#@# ...#
####...###.#
...#
#..........####
####
#.....##>.....#
#.....#######.#
##### #.....#
..
............# ≈
............#
............#


You could see Snorg (berserk, extremely poisoned) and 5 wights.

Vanquished Creatures
  A two-headed ogre (D:8)
  Pikel (D:4)
  An orc knight (Bailey)
  A troll (D:9)
  Grinder (Sewer)
  A wyvern (D:9)
  9 yaks
  Menkaure (D:7)
  Edmund (D:4)
  5 water moccasins
  2 ice beasts
  15 orc warriors
  3 sky beasts
  2 ogres
  A lemure (D:4)
  2 centaurs
  A phantom (D:5)
  5 kobold brigands
  6 bullfrogs
  3 scorpions
  A gnoll sergeant (D:6)
  2 wights (D:6)
  3 killer bees (D:10)
  2 howler monkeys
  A quasit (Sewer)
  A jelly (D:6)
  9 orc priests
  2 hounds
  A gnoll bouda (D:5)
  Jessica (D:2)
  Natasha (thrice) (D:4)
  6 orc wizards
  2 sleepcaps
  Ijyb (D:4)
  2 iguanas
  13 gnolls
  8 adders
  4 shadow imps (Sewer)
  A white imp (D:8)
  3 ufetubi
  3 dart slugs
  4 ribbon worms
  40 orcs
  4 endoplasms
  6 giant cockroaches
  16 goblins
  23 hobgoblins
  8 jackals
  33 kobolds
  7 quokkas
  13 ball pythons
  2 bats (D:1)
  4 frilled lizards
  12 rats
303 creatures vanquished.

Notes
Turn   | Place    | Note
-------+----------+-------------------------------------------
     0 | D:1      | EnegeticOcto the Deep Elf Berserker began the quest for the
                  | Orb.
     0 | D:1      | Reached XP level 1. HP: 13/13 MP: 3/3
   128 | D:1      | Reached skill level 3 in Long Blades
   138 | D:1      | Reached XP level 2. HP: 13/18 MP: 4/4
   516 | D:1      | Found a faded altar of an unknown god.
  1036 | D:2      | Reached XP level 3. HP: 22/22 MP: 5/5
  1052 | D:2      | Reached ** piety under Trog
  1334 | D:2      | Noticed Jessica
  1342 | D:2      | Killed Jessica
  1343 | D:2      | Reached skill level 3 in Fighting
  1453 | D:2      | Reached skill level 4 in Long Blades
  1453 | D:2      | Reached XP level 4. HP: 25/28 MP: 6/6
  2035 | D:3      | Reached XP level 5. HP: 15/32 MP: 7/7
  2563 | D:3      | Reached *** piety under Trog
  2564 | D:3      | Reached skill level 5 in Long Blades
  2609 | D:3      | Reached XP level 6. HP: 24/38 MP: 8/8
  2905 | D:4      | Reached skill level 4 in Fighting
  2909 | D:4      | Reached skill level 6 in Long Blades
  3284 | D:4      | Noticed Pikel
  3295 | D:4      | Noticed Edmund
  3438 | D:4      | Killed Pikel
  3439 | D:4      | Reached skill level 7 in Long Blades
  3439 | D:4      | Reached XP level 7. HP: 44/44 MP: 9/9
  3522 | D:4      | Killed Edmund
  3523 | D:4      | Reached skill level 5 in Fighting
  3523 | D:4      | Reached XP level 8. HP: 49/49 MP: 5/10
  3754 | D:4      | Noticed Natasha
  3763 | D:4      | Killed Natasha
  3880 | D:4      | Noticed Natasha
  3890 | D:4      | Killed Natasha
  4165 | D:4      | Noticed Ijyb
  4255 | D:4      | Killed Ijyb
  4708 | D:4      | Noticed Natasha
  4713 | D:4      | Killed Natasha
  5239 | D:5      | Entered Level 5 of the Dungeon
  5323 | D:5      | Reached skill level 8 in Long Blades
  5323 | D:5      | Reached skill level 1 in Evocations
  5430 | D:5      | Found a glowing drain.
  5434 | Sewer    | Entered a sewer
  5610 | Sewer    | Found a burning altar of Makhleb.
  5948 | Sewer    | Noticed Grinder
  5969 | Sewer    | Killed Grinder
  5970 | Sewer    | Reached skill level 2 in Evocations
  6250 | D:5      | Reached skill level 3 in Evocations
  6500 | D:5      | Found a broken altar of Ashenzari.
  6549 | D:5      | Found Joovvu Cots's Armour Boutique.
  6557 | D:5      | Bought a +2 helmet of see invisible for 236 gold pieces
  6613 | D:5      | Reached XP level 9. HP: 42/55 MP: 11/11
  6730 | D:5      | Reached skill level 9 in Long Blades
  6904 | D:5      | Found a staircase to the Ecumenical Temple.
  6971 | D:6      | Reached skill level 6 in Fighting
  7066 | D:6      | Reached skill level 3 in Dodging
  7580 | D:6      | Reached skill level 4 in Evocations
  7844 | D:6      | Reached skill level 4 in Dodging
  8372 | D:7      | Found a flagged portal.
  8402 | D:7      | Noticed Menkaure
  8417 | D:7      | Killed Menkaure
  8418 | D:7      | Reached skill level 10 in Long Blades
  8443 | D:7      | Found a white marble altar of Elyvilon.
  8505 | D:7      | Reached skill level 5 in Dodging
  8584 | Bailey   | Entered a bailey
  8611 | Bailey   | Reached **** piety under Trog
  8748 | Bailey   | Reached XP level 10. HP: 47/61 MP: 12/12
  8844 | Bailey   | Reached skill level 7 in Fighting
  8891 | Bailey   | Noticed an orc knight
  8899 | Bailey   | Killed an orc knight
  8900 | Bailey   | Reached skill level 6 in Dodging
  9460 | D:7      | Found a sparkling altar of Nemelex Xobeh.
  9542 | D:7      | Found Xigeuc's Specific Store.
  9542 | D:7      | Found Zioqie's General Store.
  9554 | D:7      | Bought a scroll of brand weapon for 95 gold pieces
  9558 | D:7      | Bought a potion of degeneration for 13 gold pieces
  9564 | D:7      | Identified a scroll of acquirement
  9564 | D:7      | Acquired a +2 great sword of freezing
  9885 | D:8      | Reached skill level 11 in Long Blades
 10215 | D:8      | Reached ***** piety under Trog
 10274 | D:8      | Noticed a two-headed ogre
 10278 | D:8      | Killed a two-headed ogre
 10279 | D:8      | Reached skill level 7 in Dodging
 10320 | D:8      | Found a hide-covered altar of Uskayaw.
 10328 | D:8      | Found an opulent altar of Gozag.
 10328 | D:8      | Found a blossoming altar of Fedhas.
 10329 | D:8      | Found an ornate altar of the Wu Jian Council.
 10331 | D:8      | Found a glowing silver altar of Zin.
 10333 | D:8      | Found an ancient bone altar of Kikubaaqudgha.
 10532 | D:8      | Received a gift from Trog
 11206 | D:10     | Entered Level 10 of the Dungeon
 11226 | D:10     | Reached XP level 11. HP: 24/68 MP: 13/13
 11235 | D:10     | Reached skill level 8 in Fighting
 11235 | D:10     | Reached skill level 12 in Long Blades
 11293 | D:10     | Reached skill level 8 in Dodging
 11391 | D:10     | Noticed Snorg
 11403 | D:10     | Slain by Snorg

Illustrated notes

Levels and vault maps discovered:
D:1:      ldierk_walled_garden_2, layout_basic,
          dreamdust_ecumenical_altar_hidden_monk_grotto, hex_intersection
D:2:      minmay_chambers_of_twos, layout_loops_corners,
          kennysheep_jessica_study
D:3:      cheibrodos_thug_alley, layout_basic
D:4:      layout_basic, nicolae_kite_square_tiling_tiny, minmay_quantized,
          uniq_edmund, uniq_ijyb, uniq_natasha, uniq_pikel
D:5:      layout_rooms, nicolae_ashenzari_panopticon, temple_green,
          gup_sewer_entry_spiral, serial_shops, shop
D:6:      layout_basic, serial_library_hellmonk_room_c
D:7:      layout_gridville, nemelex_spade_bored_becter, elyvilon_altar_4,
          enter_bailey_4, hangedman_decor_growths, nicolae_specific_store,
          uniq_menkaure
D:8:      corexii_shantytown, layout_loops_ring, minitemple
D:9:      layout_cave_pools
D:10:     minmay_weird_star, layout_basic, nicolae_hepliaklqana_hazy_memory,
          uniq_snorg

Skill      XL: |  1  2  3  4  5  6  7  8  9 10 11 |
---------------+----------------------------------+-----
Long Blades    | 3 4 5 7 8 10 11 12 | 12.1
Fighting       | 3 4 5 6 7 8 |  8.0
Evocations     | 3 4 |  4.0
Dodging        | 5 7 8 |  8.0
Armour         | |  1.5

Action                     |  1- 3 |  4- 6 |  7- 9 | 10-12 || total
---------------------------+-------+-------+-------+-------++-------
  Melee: Falchion          |   122 |   128 |       |       ||   250
         Punch             |     1 |       |     7 |       ||     8
         Long sword        |       |    80 |   338 |       ||   418
         Unarmed           |       |       |    20 |       ||    20
         Scimitar          |       |       |    87 |    53 ||   140
         Great sword       |       |       |       |   108 ||   108
         Triple sword      |       |       |       |    94 ||    94
  Throw: Dart              |       |       |    14 |     3 ||    17
         Throwing net      |       |       |       |     1 ||     1
 Invoke: Berserk           |     1 |     6 |     6 |     4 ||    17
         Trog's Hand       |       |       |     3 |     3 ||     6
    Use: Scroll            |     1 |     6 |    11 |     9 ||    27
         Potion            |       |       |     3 |       ||     3
   Stab: Sleeping          |     1 |     1 |       |       ||     2
         Invisible         |       |       |     2 |     4 ||     6
 Armour: Animal skin       |    60 |       |       |       ||    60
         Leather armour    |     8 |    62 |       |       ||    70
         Ring mail         |       |    34 |       |   141 ||   175
         Scale mail        |       |    19 |   325 |     6 ||   350
         Skin              |       |       |    11 |       ||    11
  Dodge: Dodged            |    99 |   111 |   227 |   179 ||   616

Table legend:
 A = Kills in this place as a percentage of kills in the entire game.
 B = Kills by you in this place as a percentage of kills by you in the entire game.
 C = Kills by friends in this place as a percentage of kills by friends in the entire game.
 D = Other kills in this place as a percentage of other kills in the entire game.
 E = Experience gained in this place as a percentage of experience gained in the entire game.
 F = Experience gained in this place divided by the number of levels of this place that you have seen.
                   A       B       C       D       E      F
               +-------+-------+-------+-------+-------+----------------------
         Total | 100.0 | 100.0 |   N/A |   N/A | 100.0 | 1040.6
       Dungeon |  82.5 |  82.5 |   N/A |   N/A |  79.3 | 990.1
         Sewer |   9.6 |   9.6 |   N/A |   N/A |   5.0 | 623.0
        Bailey |   7.9 |   7.9 |   N/A |   N/A |  15.7 | 1963.0
               +-------+-------+-------+-------+-------+----------------------

Table legend: (Time is in decaauts)
 A = Elapsed time spent in this place.
 B = Non-inter-level travel time spent in this place.
 C = Inter-level travel time spent in this place.
 D = Time resting spent in this place.
 E = Time spent auto-exploring this place.
 F = Levels seen in this place.
 G = Mean time per level.
                   A        B        C        D        E       F      G
               +--------+--------+--------+--------+--------+-----+--------+
         Total |  11622 |  11364 |    258 |   1259 |   7441 |  12 |  968.5 |
       Dungeon |  10305 |  10047 |    258 |    844 |   7060 |  10 | 1030.5 |
         Sewer |    765 |    765 |      0 |    260 |    272 |   1 |  765.0 |
        Bailey |    551 |    551 |      0 |    154 |    108 |   1 |  551.0 |
               +--------+--------+--------+--------+--------+-----+--------+

Top non-repeatable levels by time:
     D:4: 2418 daAuts
     D:6: 1402 daAuts
     D:2: 1114 daAuts
     D:3: 1054 daAuts
     D:8: 1023 daAuts
     D:5: 986 daAuts
     D:7: 853 daAuts
   Sewer: 765 daAuts
     D:1: 740 daAuts
  Bailey: 551 daAuts
     D:9: 521 daAuts
    D:10: 189 daAuts
